 Dungeon Crawl Stone Soup version 0.31.0-11-ge490571c62 (webtiles) character file.

Game seed: 17515150122638760733

60 dialectric the Ruffian (level 4, 0/25 HPs)
             Began as a Gargoyle Shapeshifter on Jan 30, 2024.
             Slain by an orc
             ... wielding a +0 club
              (2 damage)
             ... on level 3 of the Dungeon.
             The game lasted 00:01:21 (1010 turns).

dialectric the Ruffian (Gargoyle Shapeshifter)      Turns: 1010, Time: 00:01:22

Health: 0/25       AC:  5    Str: 20    XL:     4   Next: 4%
Magic:  4/4        EV: 12    Int: 10    God:
Gold:   134        SH:  0    Dex:  9    Spells: 3/3 levels left

rFire   . . .        n - +10 dagger "Jeohog" {freeze, rCorr}
rCold   . . .        (no shield)
rNeg    + . .        a - +0 animal skin
rPois   ∞            (helmet currently unavailable)
rElec   +            (cloak currently unavailable)
rCorr   +            (gloves currently unavailable)
SInv    .            (boots currently unavailable)
Will    .....        (no amulet)
Stlth   +            (no ring)
HPRegen 0.24/turn    (no ring)
MPRegen 0.09/turn

%: no passive effects
@: beast-form
A: beast (slay +1), sickness immunity, AC +3, negative energy resistance 1,
electricity resistance, torment resistance 1, petrification resistance
a: Begin Untransformation


You were on level 3 of the Dungeon.
You were a hulking beast.
You visited 1 branch of the dungeon, and saw 3 of its levels.

You collected 134 gold pieces.

Inventory:

Hand Weapons
 n - the +10 dagger "Jeohog" (weapon) {freeze, rCorr}
   (You took it off a goblin on level 2 of the Dungeon)

   rCorr:     It protects you from acid and corrosion.
Armour
 a - a +0 animal skin (worn)
 g - a +0 pair of gloves
Talismans
 c - a beast talisman
 d - a flux talisman
Scrolls
 e - a scroll of teleportation {unknown}
 h - a scroll of immolation {unknown}
 i - a scroll of amnesia {unknown}
 k - a scroll of fog {unknown}
 l - a scroll of identify {unknown}
Potions
 b - a potion of lignification
 f - a potion of might {unknown}
 j - a potion of heal wounds {unknown}
 m - 2 potions of mutation {unknown}


   Skills:
 + Level 1.2 Fighting
 + Level 1.9 Dodging
 + Level 0.4 Stealth
 + Level 3.9 Unarmed Combat
 + Level 3.0 Shapeshifting


You had 3 spell levels left.
You didn't know any spells.
Your spell library contained the following spells:

 Spells                   Type           Power      Damage    Failure   Level
 Sting                    Conj/Alch      0%         1d3       36%         1
 Mercury Vapours          Alch/Air       0%         N/A       50%         2
 Olgreb's Toxic Radiance  Alch           0%         N/A       98%         4


Dungeon Overview and Level Annotations

Branches:
Dungeon (3/15)

Altars:
Cheibriados


Innate Abilities, Weirdness & Mutations

You are a hulking beast.
Your limbs bulge with bestial killing power. (Slay +1)
You are immune to sickness and miasma.
Your stone body is resilient. (AC +3)
You are immune to poison.
You resist negative energy. (rN+)
You are resistant to electric shocks. (rElec)
You are resistant to unholy torment.
You are immune to petrification.


Message History

No target in view!
You see here a +0 short sword.
You now have 134 gold pieces (gained 7).
An orc wizard and an orc come into view.
The orc wizard shouts!
An orc comes into view. It is wielding a +0 short sword.
The orc wizard points at you and mumbles some strange words.
The puff of flame hits you.
The orc shouts!
There are monsters nearby!
You hear a shout!
An orc comes into view. It is wielding a +0 flail.
The orc wizard mumbles some strange words.
The orc wizard flickers and vanishes!
Deactivating autopickup; reactivate with Ctrl-A.
There are monsters nearby!
The orc hits you with a +0 club.
There are monsters nearby!
You hit the orc. You freeze the orc.
The orc is heavily wounded.
You miss something. The orc barely misses you.
You barely miss something. Something hits you but does no damage.
The orc misses you. The orc barely misses you.
You closely miss something. Your punch misses something.
You hear some strange, mumbled words.
A magic dart appears from out of thin air!
The magic dart hits you!
You hit something. You freeze something. Something hits you.
The orc barely misses you. The orc hits you but does no damage.
The orc barely misses you.
Unknown command.
The orc barely misses you.
You barely miss the orc.
The orc is heavily wounded.
You hear some strange, mumbled words.
A puff of flame appears from out of thin air!
The puff of flame hits you!
* * * LOW HITPOINT WARNING * * *
The orc hits you with a +0 club.
You die...

#...........#...
#......###.##### #......#
#...... ##### #......#
#..#### ..... #......#
#..# ...... #......# #..#
......####......# #..#
.......oo.#.....###..###.
.......{h..........).....
.......o..##..#####......
..........###.## #......
..........# #..# #......
##############.####......
#..........#.####.
#..........#.# .
#..........#.#
#..........#


You could see 3 orcs.

Vanquished Creatures
  An adder (D:2)
  A ribbon worm (D:3)
  2 endoplasms
  3 giant cockroaches
  5 goblins
  3 hobgoblins (D:2)
  5 jackals (D:1)
  6 kobolds
  3 quokkas (D:1)
  7 ball pythons
  3 bats (D:1)
  2 frilled lizards (D:2)
  2 rats (D:1)
43 creatures vanquished.

Notes
Turn   | Place    | Note
-------+----------+-------------------------------------------
     0 | D:1      | dialectric the Gargoyle Shapeshifter began the quest for
                  | the Orb.
     0 | D:1      | Reached XP level 1. HP: 12/12 MP: 1/1
    91 | D:1      | Reached XP level 2. HP: 15/16 MP: 2/2
   445 | D:1      | Reached XP level 3. HP: 14/20 MP: 3/3
   459 | D:1      | You fall into a shaft and drop 1 floor!
   664 | D:2      | Found a snail-covered altar of Cheibriados.
   709 | D:2      | Identified the +10 dagger "Jeohog" {freeze, rCorr}
   905 | D:3      | Reached XP level 4. HP: 15/25 MP: 4/4
  1010 | D:3      | Slain by an orc

Illustrated notes

Levels and vault maps discovered:
D:1:      lemuel_arrival_river_bridge, layout_basic,
          shapermc_ecumenical_altar_mp_vishouse
D:2:      layout_rooms, basic_altar
D:3:      layout_basic, nicolae_uskayaw_dance_hall, marbit_many_paths,
          fedhas_altar_2

Skill      XL: |  1  2  3 |
---------------+----------+-----
Shapeshifting  | 3 |  3.0
Fighting       | |  1.2
Dodging        | |  1.9
Stealth        | |  0.4
Unarmed Combat | |  3.9

Action                     |  1- 3 |  4- 6 || total
---------------------------+-------+-------++-------
  Melee: Unarmed           |   120 |       ||   120
         Dagger            |     4 |     7 ||    11
         Punch             |     1 |       ||     1
 Armour: Animal skin       |    63 |     9 ||    72
  Dodge: Dodged            |    74 |     6 ||    80
